 Dungeon Crawl Stone Soup version 0.22-a0-409-gb855193 (webtiles) character file.

71 Alphaeus the Skirmisher (level 4, -1/37 HPs)
             Began as a Formicid Berserker on May 11, 2018.
             Was a Believer of Trog.
             Slain by a jackal (3 damage)
             ... on level 2 of the Dungeon.
             The game lasted 00:03:41 (1075 turns).

Alphaeus the Skirmisher (Formicid Berserker)        Turns: 1075, Time: 00:03:42

Health: -1/37      AC:  5    Str: 23    XL:     4   Next: 47%
Magic:  4/4        EV: 11    Int:  7    God:    Trog [**....]
Gold:   45         SH:  0    Dex: 11    Spells: 3/3 levels left

rFire    . . .     SeeInvis +   a - +0 mace
rCold    . . .     Gourm    .   (no shield)
rNeg     . . .     Faith    .   h - +0 ring mail
rPois    .         Spirit   .   (helmet unavailable)
rElec    .         Reflect  .   (no cloak)
rCorr    .         Harm     .   (no gloves)
MR       .....                  (no boots)
Stlth    ..........             (no amulet)
HPRegen  0.12/turn              (no ring)
MPRegen  0.09/turn              (no ring)

@: no status effects
A: permanent stasis, dig shafts and tunnels, four strong arms, antennae 3, fangs
1, hooves 1, strong 1
a: Dig, Shaft Self, Trog's Hand, Renounce Religion


You were on level 2 of the Dungeon.
You worshipped Trog.
Trog was pleased with you.
You were hungry.

You visited 1 branch of the dungeon, and saw 2 of its levels.

You collected 45 gold pieces.

Inventory:

Hand Weapons
 a - a +0 mace (weapon)
Armour
 b - a +0 animal skin
 h - a +0 ring mail (worn)
Scrolls
 d - a scroll of immolation {unknown}
 e - a scroll of magic mapping {unknown}
 f - a scroll of identify {unknown}
 g - a scroll of noise {unknown}
Comestibles
 c - 3 rations


   Skills:
 + Level 3.7 Fighting
 * Level 3.7 Maces & Flails
 * Level 3.2 Armour
 + Level 2.3 Dodging


You had 3 spell levels left.
You didn't know any spells.

Dungeon Overview and Level Annotations

Branches:
Dungeon (2/15)

Altars:
Elyvilon


Innate Abilities, Weirdness & Mutations

You cannot be hasted, slowed, berserked, paralysed or teleported.
You can dig through walls and to a lower floor.
Your four strong arms can wield two-handed weapons with a shield.
You have a pair of large antennae on your head. (SInv)
You have very sharp teeth.
You have large cloven feet.
Your muscles are strong. (Str +2)


Message History

The jackal misses you. The jackal barely misses you.
The jackal completely misses you. The jackal misses you.
The jackal bites you but does no damage.
The jackal bites you.
* * * LOW HITPOINT WARNING * * *
The jackal closely misses you. The jackal barely misses you.
The jackal misses you. The jackal misses you.
The jackal pauses to sniff the ground.
The jackal closely misses you. The jackal bites you.
* * * LOW HITPOINT WARNING * * *
You see here 18 stones.
You feel a little less agile now. The jackal barely misses you.
There is a stone staircase leading up here.
The jackal closely misses you. The jackal bites you.
You die...

### #.. #.# #.# #.# #.
#.# #...
...#######.########
#...
.........r.K(.hh@.#
#...
..........####.h..# ..
..........# #....# .
..........# #....#
...).....{## #....#
...........######## ♣♣♣
##########..######♣♣
♣♣♣.♣♣♣ ##{##...g.♣♣
♣♣.h{r.♣♣ ♣
#K#{..{{r.♣♣♣...s...♣♣♣


You could see a quokka, 3 jackals and a kobold.

Vanquished Creatures
  A worker ant (D:2)
  An adder (D:2)
  2 dart slugs (D:1)
  A leopard gecko (D:2)
  6 giant cockroaches
  4 goblins
  4 hobgoblins
  A jackal (D:2)
  3 bats (D:1)
  2 frilled lizards
  4 kobolds
  2 rats (D:1)
31 creatures vanquished.

Notes
Turn   | Place    | Note
-------+----------+-------------------------------------------
     0 | D:1      | Alphaeus the Formicid Berserker began the quest for the Orb.
     0 | D:1      | Reached XP level 1. HP: 18/18 MP: 1/1
   373 | D:1      | Reached XP level 2. HP: 24/24 MP: 2/2
   638 | D:1      | Reached XP level 3. HP: 28/29 MP: 3/3
   882 | D:1      | Reached ** piety under Trog
   959 | D:2      | Found a white marble altar of Elyvilon.
   969 | D:2      | Reached XP level 4. HP: 37/37 MP: 4/4
  1033 | D:2      | Gained mutation: Your muscles are strong. (Str +2) [potion of mutation]
  1033 | D:2      | Gained mutation: You have very sharp teeth. [potion of mutation]
  1033 | D:2      | Gained mutation: You have large cloven feet. [potion of mutation]
  1075 | D:2      | Slain by a jackal

Vault maps used:
D:1:      scummos_arrival_gate
D:2:      elyvilon_altar_3, first_ration, uniq_natasha, uniq_robin

Skill      XL: |  1  2  3 |
---------------+----------+-----
Dodging        | 2 |  2.3
Armour         | 3 |  3.2
Fighting       | |  3.7
Maces & Flails | |  3.7

Action                   |  1- 3 |  4- 6 || total
-------------------------+-------+-------++-------
Melee: Mace              |    65 |    37 ||   102
  Use: Potion            |       |     2 ||     2
Armor: Ring mail         |    23 |    39 ||    62
       Animal skin       |     1 |       ||     1
Dodge: Dodged            |    40 |    88 ||   128

Table legend:
 A = Spawn XP
 B = Non-spawn XP
 C = Spawn XP percentage of total XP
 D = Spawn monster count
 E = Non-spawn monster count
 F = Spawn count percentage of total count
 G = Total turns spent on level
                    A         B        C        D         E        F      G
               +---------+---------+-------+---------+---------+-------+---------
         Total |       0 |     102 |   0.0 |       0 |      31 |   0.0 |  1075
               +---------+---------+-------+---------+---------+-------+---------
           D:1 |       0 |      36 |   0.0 |       0 |      19 |   0.0 |   920
           D:2 |       0 |      66 |   0.0 |       0 |      12 |   0.0 |   155
               +---------+---------+-------+---------+---------+-------+---------
